Map: [ESL] Hecate

Players

Bly - Winner!

  • Race: Zerg Zerg
  • Spawn Location: 7:00

ShaDoWn

  • Race: Protoss Protoss
  • Spawn Location: 1:00

Event: ESL SC2 Masters 2023 Winter (Regional)

VOD

Have the link to the VOD?

Description

Time

  • Played on: Nov. 5, 2023, 10:52 a.m.
  • Length: 10:36

All games in this series

Show
View Real Time Build Order
Export as new Build Order

Bly Zerg - Winner!

Build Orders: Pool First 

Get SALT Encoding   

  12  0:00  Drone  
  13  0:09  Drone  
  14  0:25  Spawning Pool  
  14  0:28  Drone  
  14  0:37  Extractor  
  14  0:39  Drone  
  14  0:40  Extractor  
  14  0:41  Drone  
  14  0:48  Overlord  
  16  1:12  Hatchery  
  16  1:13  Zergling x2  
  16  1:16  Zergling x2  
  17  1:20  Zergling x2  
  17  1:24  Zergling x2  
  19  1:34  Zergling x2  
  20  1:48  Drone  
  21  1:54  Hatchery  
  21  1:56  Drone  
  21  2:00  Extractor  
  20  2:06  Queen  
  23  2:18  Hatchery  
  23  2:20  Overlord  
  20  2:32  Drone  
  20  2:35  Overlord  
  21  2:44  Drone  
  21  2:52  Drone  
  21  2:54  Queen  
  23  3:01  Drone  
  23  3:06  Queen  
  26  3:12  Zergling x2  
  26  3:13  Zergling x2  
  26  3:18  Zergling x4  
  29  3:20  Drone  
  30  3:28  Evolution Chamber  
  30  3:29  Overlord  
  31  3:35  Metabolic Boost  
  31  3:44  Zergling x6  
  34  3:54  Overlord  
  34  4:01  Drone x4  
  36  4:07  Drone x3, Spore Crawler  
  36  4:21  Drone x5  
  42  4:26  Baneling Nest  
  42  4:31  Drone x2  
  43  4:47  Drone x4  
  43  4:52  Hatchery  
  46  4:54  Zergling x8  
  50  5:03  Zergling x4  
  52  5:12  Zergling x10  
  53  5:23  Zergling x8  
  57  5:35  Extractor  
  56  5:38  Baneling x7  
  56  5:39  Zergling x8  
  56  5:42  Overlord x2  
  60  5:49  Overlord  
  60  5:53  Overlord  
  60  5:55  Overlord x2  
  60  5:57  Overlord  
  59  6:07  Drone  
  59  6:08  Drone x5  
  59  6:10  Lair  
  62  6:14  Drone  
  62  6:15  Drone  
  62  6:16  Drone x2, Extractor  
  64  6:29  Extractor  
  64  6:32  Roach Warren  
  57  6:40  Zergling x20  
  62  6:49  Drone x5, Spore Crawler  
  66  6:59  Drone x6  
  71  7:05  Spore Crawler  
  71  7:07  Baneling x7  
  70  7:13  Roach x2  
  74  7:21  Roach x4  
  75  7:46  Drone x12  
  86  7:52  Spire  
  80  8:11  Zergling x2  
  80  8:12  Zergling x16, Glial Reconstitution  
  85  8:14  Hatchery  
  85  8:16  Extractor  
  85  8:18  Extractor  
  82  8:23  Drone x2  
  84  8:27  Overseer  
  84  8:32  Drone  
  84  8:33  Drone x5, Hatchery  
  89  8:39  Drone  
  89  8:40  Drone x5  
  93  8:54  Spore Crawler, Overlord x2  
  90  9:07  Mutalisk x8  
  106  9:23  Roach x7  
  120  9:27  Extractor  
  119  9:41  Roach x8  
  135  9:45  Overseer  
  135  9:50  Spore Crawler  
  134  10:00  Overlord  
  134  10:03  Roach  
  134  10:04  Roach x3, Overlord  
  134  10:05  Ravager x2  
  139  10:16  Overlord x3  
Show
View Real Time Build Order
Export as new Build Order

ShaDoWn Protoss 

Build Orders:  

Get SALT Encoding   

  12  0:00  Probe  
  13  0:13  Pylon  
  13  0:17  Probe (Chrono Boost)  
  14  0:27  Probe (Chrono Boost)  
  15  0:32  Probe (Chrono Boost)  
  16  0:40  Gateway  
  16  0:43  Probe  
  16  0:48  Assimilator  
  17  0:56  Probe  
  18  1:08  Probe  
  19  1:24  Pylon  
  20  1:26  Zealot (Chrono Boost), Gateway  
  20  1:31  Cybernetics Core  
  21  1:34  Probe  
  22  1:44  Zealot (Chrono Boost)  
  22  1:46  Probe  
  25  1:58  Probe  
  26  2:08  Shield Battery, Adept (Chrono Boost)  
  26  2:15  Probe  
  29  2:20  Adept (Chrono Boost)  
  28  2:33  Probe  
  28  2:39  Assimilator  
  27  2:46  Probe  
  28  2:54  Warp Gate  
  28  2:55  Adept (Chrono Boost)  
  28  2:58  Probe  
  31  3:00  Pylon  
  31  3:18  Probe  
  32  3:22  Stalker (Chrono Boost)  
  34  3:28  Twilight Council  
  34  3:30  Probe  
  35  3:39  Nexus  
  35  3:42  Probe  
  36  3:55  Probe  
  37  3:56  Pylon  
  37  4:07  Resonating Glaives (Chrono Boost), Probe  
  38  4:19  Probe  
  39  4:26  Gateway  
  39  4:31  Probe  
  40  4:33  Pylon  
  40  4:42  Adept x2  
  40  4:45  Probe (Chrono Boost)  
  45  4:52  Probe (Chrono Boost)  
  47  5:01  Probe x2 (Chrono Boost)  
  47  5:04  Adept x2  
  47  5:06  Probe (Chrono Boost)  
  52  5:07  Probe  
  51  5:24  Adept x3  
  51  5:26  Probe  
  58  5:29  Probe  
  58  5:32  Nexus  
  58  5:38  Probe  
  58  5:40  Robotics Facility  
  57  5:43  Probe  
  57  5:44  Pylon  
  57  5:49  Assimilator  
  58  5:50  Assimilator, Probe  
  58  5:53  Adept x3  
  65  5:57  Pylon  
  65  5:58  Probe  
  64  6:05  Probe  
  59  6:14  Adept x3  
  59  6:18  Probe  
  66  6:23  Probe  
  66  6:25  Warp Prism (Chrono Boost), Pylon  
  69  6:35  Robotics Bay  
  65  6:41  Adept x3  
  54  7:01  Observer  
  54  7:04  Adept x2  
  54  7:05  Adept  
  61  7:09  Nexus  
  61  7:10  Pylon  
  61  7:12  Probe  
  61  7:13  Probe  
  61  7:15  Blink  
  63  7:24  Probe  
  63  7:25  Probe  
  65  7:32  Stalker  
  65  7:36  Probe  
  68  7:41  Colossus (Chrono Boost)  
  58  7:48  Pylon  
  56  7:54  Probe  
  56  7:56  Probe  
  56  7:58  Adept  
  57  8:03  Pylon  
  57  8:12  Probe  
  55  8:16  Probe  
  56  8:21  Stalker  
  56  8:22  Adept x2  
  56  8:23  Probe  
  56  8:24  Probe  
  64  8:31  Probe  
  65  8:35  Probe (Chrono Boost)  
  65  8:37  Colossus (Chrono Boost)  
  65  8:38  Probe (Chrono Boost)  
  71  8:47  Probe (Chrono Boost)  
  71  8:48  Probe (Chrono Boost), Stalker  
  75  8:51  Sentry  
  75  8:54  Shield Battery, Probe (Chrono Boost)  
  78  8:56  Probe (Chrono Boost)  
  78  8:57  Probe (Chrono Boost)  
  78  9:01  Adept  
  82  9:05  Probe  
  82  9:06  Probe  
  83  9:10  Probe  
  83  9:11  Gateway  
  83  9:14  Adept  
  86  9:17  Sentry  
  86  9:18  Probe x2  
  86  9:22  Probe  
  86  9:24  Stalker  
  93  9:30  Probe x2  
  93  9:34  Probe  
  93  9:36  Stalker  
  96  9:39  Shield Battery  
  96  9:41  Stalker  
  96  9:42  Probe  
  96  9:43  Probe  
  100  9:46  Forge  
  100  9:49  Probe  
  101  9:54  Stalker  
  101  9:55  Probe  
  101  9:58  Probe  
  101  10:02  Stalker, Probe  
  92  10:07  Probe  
  92  10:10  Stalker x2, Probe  
  92  10:16  Probe  
  93  10:24  Stalker  
  83  10:32  Stalker  
Tags
 
Add a new tag
Caveats
  • Supply blocks, unpowered buildings, or Contaminate may cause inaccurate times.
  • Supply counts are checked every 10 seconds.